Map: Ley Lines

Players

Imperius - Winner!

  • Race: Terran Terran
  • Spawn Location: 7:00

VOD

Have the link to the VOD?

Description

Time

  • Played on: May 1, 2025, 11:03 p.m.
  • Length: 16:41
Show
View Real Time Build Order
Export as new Build Order

Imperius Terran - Winner!

Build Orders:  

Get SALT Encoding   

  12  0:01  SCV  
  13  0:19  SCV  
  14  0:32  Supply Depot  
  14  0:43  SCV  
  15  1:00  Refinery  
  15  1:02  SCV  
  15  1:08  Barracks  
  16  1:24  SCV  
  17  1:53  SCV  
  18  2:05  Barracks  
  18  2:09  SCV  
  18  2:16  Supply Depot  
  19  2:26  SCV  
  20  2:37  Barracks Reactor  
  20  2:45  SCV  
  21  2:54  Refinery  
  21  3:02  SCV  
  22  3:14  Command Center  
  22  3:21  Barracks Tech Lab  
  22  3:31  Marine x2  
  24  3:56  SCV, Marine x2, Bunker  
  27  4:13  SCV  
  28  4:21  Marine x3  
  31  4:41  Factory  
  31  4:54  SCV  
  32  5:11  Supply Depot  
  32  5:12  Orbital Command  
  32  5:18  Marine  
  33  5:21  Marine  
  33  5:22  Marine  
  35  5:43  Marine  
  35  5:46  Marine  
  35  5:47  SCV, Marine  
  39  5:57  Supply Depot  
  39  6:03  SCV  
  39  6:04  SCV, Supply Depot  
  39  6:08  Marine  
  42  6:11  Marine  
  43  6:20  Factory Tech Lab  
  43  6:21  SCV  
  44  6:30  Armory  
  44  6:38  SCV  
  45  6:41  Starport  
  45  6:53  Siege Tank  
  45  6:55  SCV  
  49  7:08  SCV  
  50  7:12  SCV  
  51  7:30  Marine  
  51  7:32  Marine  
  51  7:34  Marine  
  51  7:38  Siege Tank  
  57  7:55  Marine  
  57  7:57  Marine  
  57  7:59  Marine  
  60  8:04  Starport Reactor  
  60  8:20  Marine  
  60  8:22  Marine  
  60  8:23  Siege Tank  
  60  8:24  Marine  
  59  8:51  Supply Depot  
  59  8:52  Marine  
  59  8:55  Marine  
  61  9:02  Marine  
  61  9:06  Barracks  
  61  9:08  Thor  
  68  9:17  Marine  
  68  9:19  SCV  
  70  9:21  Marine  
  70  9:29  Refinery  
  71  9:36  SCV  
  72  9:43  Medivac  
  72  9:45  Medivac  
  76  9:53  SCV  
  76  9:58  Supply Depot  
  77  10:10  SCV  
  78  10:26  Supply Depot  
  78  10:28  SCV, Thor  
  85  10:40  Marine  
  86  10:50  Supply Depot  
  86  10:56  Marine x3  
  89  11:05  Marine  
  90  11:21  Marine x2  
  83  12:25  Medivac  
  83  12:26  Medivac  
  87  12:39  Supply Depot  
  87  12:42  Marine  
  87  12:44  SCV, Marine  
  90  12:55  Refinery  
  90  13:07  Medivac x2  
  90  13:08  Thor  
  100  13:23  Marine  
  100  13:28  Supply Depot  
  101  13:49  Medivac  
  103  14:08  Thor  
Tags
 
Matchup
Co-op
Add a new tag
Caveats
  • Supply blocks, unpowered buildings, or Contaminate may cause inaccurate times.
  • Supply counts are checked every 10 seconds.